 Dungeon Crawl Stone Soup version 0.31-a0-836-g3ceb0a68c4 (webtiles) character file.

Game seed: 10866601302208628530

3213 javelincjr the Trooper (level 9, -1/72 HPs)
             Began as a Demonspawn Fighter on Sept 26, 2023.
             Slain by a manticore (11 damage)
             ... on level 7 of the Dungeon.
             The game lasted 00:20:54 (5915 turns).

javelincjr the Trooper (Demonspawn Fighter)         Turns: 5915, Time: 00:20:54

Health: -1/72      AC: 16    Str: 23    XL:     9   Next: 65%
Magic:  0/9        EV: 16    Int: 13    God:
Gold:   340        SH: 12    Dex: 14    Spells: 8/8 levels left

rFire   + . .        p - +2 spear (vamp)
rCold   . . .        z - +2 kite shield
rNeg    . . .        K - +4 ring mail of Kurphuofi {rF+ Str+3 Int+4}
rPois   +            D - +2 helmet
rElec   .            (no cloak)
rCorr   .            (no gloves)
SInv    .            (no boots)
Will    .....        q - amulet of guardian spirit
Stlth   +            s - ring of poison resistance
HPRegen 0.32/turn    J - +5 ring of evasion
MPRegen 0.11/turn

%: guardian spirit
@: no status effects
A: claws 1, yellow scales 2, demonic guardian 1, foul stench 1
a: no special abilities


You were on level 7 of the Dungeon.
You visited 2 branches of the dungeon, and saw 8 of its levels.
You also visited: Sewer.

You collected 340 gold pieces.

Inventory:

Hand Weapons
 a - a +0 trident
 j - a +2 short sword of protection
 p - a +2 vampiric spear (weapon)
Missiles
 B - 10 boomerangs
 M - 16 darts of dispersal
Armour
 b - a +0 scale mail
 c - a +0 buckler
 g - a +0 hat
 n - a +0 chain mail
 z - a +2 kite shield (worn)
 D - a +2 helmet (worn)
 K - the +4 ring mail of Kurphuofi (worn) {rF+ Str+3 Int+4}
   (You found it in a sewer)

   Str+3:     It affects your strength (+3).
   Int+4:     It affects your intelligence (+4).
   rF+:       It protects you from fire.
Magical Staves
 f - a staff of conjuration
Jewellery
 q - an amulet of guardian spirit (around neck)
 s - a ring of poison resistance (left claw)
 y - a ring of willpower
 G - a ring of wizardry
 J - a +5 ring of evasion (right claw)
Wands
 H - a wand of iceblast (24)
 L - a wand of light (11)
Scrolls
 e - 4 scrolls of immolation
 i - 2 scrolls of revelation
 m - 7 scrolls of fear
 o - a scroll of teleportation {unknown}
 r - 3 scrolls of amnesia
 t - a scroll of enchant weapon {unknown}
 u - 2 scrolls of noise {unknown}
 w - a scroll of fog {unknown}
 A - a scroll of enchant armour {unknown}
 E - 2 scrolls of silence {unknown}
 N - a scroll of torment {unknown}
Potions
 d - 2 potions of might
 h - a potion of enlightenment
 l - a potion of experience {unknown}
 v - a potion of attraction {unknown}
 x - 2 potions of lignification
 C - 2 potions of cancellation {unknown}
 F - a potion of mutation {unknown}
 I - a potion of berserk rage {unknown}
 O - a potion of haste {unknown}


   Skills:
 + Level 7.0 Fighting
 + Level 6.0 Polearms
 + Level 6.4 Armour
 + Level 4.4 Dodging
 + Level 6.4 Shields


You had 8 spell levels left.
You didn't know any spells.
Your spell library contained the following spells:

 Spells                   Type           Power      Damage    Failure   Level
 Apportation              Tloc           0%         N/A       67%         1
 Necrotise                Necr           0%         1d4       67%         1
 Summon Small Mammal      Summ           0%         N/A       67%         1
 Ensorcelled Hibernation  Hex/Ice        0%         N/A       80%         2
 Passwall                 Tmut/Erth      0%         N/A       80%         2
 Ignite Poison            Fire/Tmut/Pois 0%         N/A       95%         3
 Swiftness                Air            0%         N/A       95%         3
 Sticky Flame             Conj/Fire      0%         2d3       100%        4
 Ignition                 Fire           0%         3d3       100%        8


Dungeon Overview and Level Annotations

Branches:
Dungeon (7/15)             Temple (1/1) D:4           Sewer (visited)

Altars:
Ashenzari
Cheibriados
Dithmenos
Fedhas
Gozag
Hepliaklqana
Kikubaaqudgha
Makhleb
Nemelex Xobeh
Okawaru
Qazlal
Ru
Sif Muna
Trog
Uskayaw
Vehumet
Wu Jian
Xom
Yredelemnul

Shops:
D:5 *[


Innate Abilities, Weirdness & Mutations

You have sharp fingernails.
You are mostly covered in yellow scales. (AC +3)
A weak demonic guardian rushes to your aid.
You may rarely emit foul miasma when damaged in melee.


Message History

Your ufetubus hits the gnoll but does no damage.
Your ufetubus closely misses the gnoll.
The gnoll hits your ufetubus with a +0 spear.
Your ufetubus dies!
Your ufetubus disappears in a puff of smoke!
The gnoll closely misses you.
The manticore bites you but does no damage.
You block the manticore's attack. The manticore completely misses you.
The gnoll shouts!
Reach: p) +2 spear (vamp)
Press: ? - help, Dir - move target, f - gnoll, p - manticore
Aim: a gnoll, wielding a +0 spear (severely wounded, about 28% to evade your +2 vampiric spear)
You reach to attack!
You hit the gnoll.
You feel better.
You kill the gnoll!
You carefully extract the barbed spikes from your body.
The manticore closely misses you. The manticore misses you.
The manticore claws you!
* * * LOW HITPOINT WARNING * * *
Your iron imp hits the manticore!
The gnoll hits you but does no damage.
You closely miss the manticore.
The manticore is moderately wounded.
The gnoll hits you but does no damage.
The manticore bites you but does no damage.
The manticore claws you!
* * * LOW HITPOINT WARNING * * *
You block the manticore's attack.
Your iron imp closely misses the manticore.
You feel better. The gnoll hits you but does no damage.
The manticore bites you but does no damage.
The manticore closely misses you. The manticore misses you.
You hit the manticore.
You feel better.
The manticore is moderately wounded.
Your iron imp hits the manticore but does no damage.
You block the gnoll's attack. The manticore misses you. x2
The manticore closely misses you.
You hit the manticore but do no damage.
The manticore is moderately wounded.
Your iron imp hits the manticore!
You block the gnoll's attack. The manticore bites you!
You die...

+.........##. #) .##....#
#..>...##.#.##T #.#....#
#..##.....#.#C. #.#...)#
#..##+#.#..W... ##.....#
#...#.....#.#H #.#....#
#...#...#.#T## ##.#....#
#...###)####.## ##.##....#
#..#####..###T#####.##.....#
..##..####.###{H@))## .....#
.##.##..###.###g5...###....#
.#.#####.##.#####.....##...#
.#.##..#.#.##.##...##..##..#
..##.##.##.##)#.รท..##...##.#
.###.#.#..##..........#..#.#
.##.##.#####...####..###.#.#
.##.###..##.#..............#
..##.####..###.##...###..#.#


You could see a manticore (ally target), a troll, a gnoll and a friendly iron
imp (summoned).

Vanquished Creatures
  A troll (D:7)
  Prince Ribbit (D:5)
  A slime creature (D:7)
  Sigmund (D:3)
  A steam dragon (D:7)
  Menkaure (D:6)
  A water moccasin (D:4)
  Pargi (Sewer)
  A sky beast (D:5)
  An orc warrior (D:7)
  An ice beast (D:6)
  2 ogres
  A centaur (D:7)
  A phantom (D:5)
  2 kobold brigands (D:7)
  Blork the orc (D:6)
  A bullfrog (D:6)
  5 scorpions
  7 wights
  A gnoll bouda (D:7)
  3 hounds
  A jelly (D:5)
  3 iguanas
  Terence (D:3)
  7 gnolls
  11 adders
  A shadow imp (D:6)
  A white imp (D:7)
  A worm (D:2)
  4 dart slugs
  12 orcs
  3 ball pythons
  4 bats
  9 endoplasms
  9 giant cockroaches
  6 goblins
  9 hobgoblins
  4 quokkas
  2 frilled lizards
  12 kobolds
  7 rats
142 creatures vanquished.

Notes
Turn   | Place    | Note
-------+----------+-------------------------------------------
     0 | D:1      | javelincjr the Demonspawn Fighter began the quest for the
                  | Orb.
     0 | D:1      | Reached XP level 1. HP: 18/18 MP: 1/1
   259 | D:1      | Gained mutation: You are partially covered in yellow
                  | scales. (AC +2) [demonic ancestry]
   259 | D:1      | Reached XP level 2. HP: 24/24 MP: 2/2
   768 | D:2      | Reached XP level 3. HP: 26/29 MP: 3/3
  1575 | D:3      | Noticed Terence
  1588 | D:3      | Reached XP level 4. HP: 35/35 MP: 4/4
  1630 | D:3      | Killed Terence
  2169 | D:3      | Noticed Sigmund
  2187 | D:3      | Killed Sigmund
  2188 | D:3      | Reached skill level 4 in Fighting
  2188 | D:3      | Gained mutation: You are mostly covered in yellow scales.
                  | (AC +3) [demonic ancestry]
  2188 | D:3      | Reached XP level 5. HP: 39/42 MP: 3/5
  2188 | D:3      | Gained mutation: You have sharp fingernails. [demonic
                  | ancestry]
  2188 | D:3      | Reached XP level 6. HP: 45/48 MP: 3/6
  2786 | D:4      | Noticed a water moccasin
  2797 | D:4      | Killed a water moccasin
  2939 | D:4      | Found a staircase to the Ecumenical Temple.
  2945 | Temple   | Entered the Ecumenical Temple
  3068 | D:4      | Gained mutation: You may rarely emit foul miasma when
                  | damaged in melee. [demonic ancestry]
  3068 | D:4      | Reached XP level 7. HP: 55/55 MP: 7/7
  3145 | D:4      | Found a shimmering altar of Xom.
  3145 | D:4      | Found a snail-covered altar of Cheibriados.
  3145 | D:4      | Found a shadowy altar of Dithmenos.
  3145 | D:4      | Found a blossoming altar of Fedhas.
  3186 | D:4      | Found an ornate altar of the Wu Jian Council.
  3342 | D:5      | Entered Level 5 of the Dungeon
  3372 | D:5      | Found Xohekaes's Armour Emporium.
  3480 | D:5      | Reached skill level 5 in Fighting
  3532 | D:5      | Reached skill level 1 in Dodging
  3746 | D:5      | Noticed Prince Ribbit
  3768 | D:5      | Killed Prince Ribbit
  3769 | D:5      | Reached skill level 5 in Armour
  3769 | D:5      | Reached skill level 5 in Shields
  3769 | D:5      | Gained mutation: A weak demonic guardian rushes to your
                  | aid. [demonic ancestry]
  3769 | D:5      | Reached XP level 8. HP: 31/63 MP: 3/8
  4019 | D:5      | Found Maheudik's Assorted Antiques.
  4367 | D:6      | Reached skill level 5 in Polearms
  4600 | D:6      | Noticed Blork the orc
  4616 | D:6      | Killed Blork the orc
  4617 | D:6      | Reached skill level 6 in Fighting
  4697 | D:6      | Found a glowing drain.
  4728 | Sewer    | Entered a sewer
  4783 | Sewer    | Identified the +4 ring mail of Kurphuofi {rF+ Str+3 Int+4}
  4841 | Sewer    | Noticed Pargi
  4855 | Sewer    | Killed Pargi
  4942 | D:6      | Noticed Menkaure
  4953 | D:6      | Killed Menkaure
  4954 | D:6      | Reached XP level 9. HP: 27/69 MP: 4/9
  5840 | D:7      | Noticed a troll
  5846 | D:7      | Noticed a boulder beetle
  5848 | D:7      | Noticed a troll
  5849 | D:7      | Noticed a manticore
  5851 | D:7      | Noticed a cyclops
  5853 | D:7      | Noticed a boulder beetle
  5858 | D:7      | Noticed a manticore
  5895 | D:7      | Killed a troll
  5896 | D:7      | Reached skill level 7 in Fighting
  5912 | D:7      | HP: 1/72 [manticore (7)]
  5915 | D:7      | Slain by a manticore

Illustrated notes

Levels and vault maps discovered:
D:1:      lemuel_arrival_room, layout_loops_ring
D:2:      layout_loops_ring
D:3:      layout_loops_cross, amcnicky_mini_rare_corridor_liquid,
          kennysheep_generic_room_13, uniq_sigmund, uniq_terence
D:4:      layout_basic, minmay_overflow_temple_hex, temple_green
D:5:      layout_rooms, serial_shops, shop_fountains, nicolae_shop_stone,
          minivault_14, chequers_serial_rivers_micro_e, interstate_on_off,
          st_stairs_5, uniq_prince_ribbit1
D:6:      layout_rooms, serial_aquarium, aquarium_bridge_square
          [aquarium_subvault_window, aquarium_subvault_bridge,
          aquarium_subvault_balcony, aquarium_subvault_window],
          aquarium_window_fake, aquarium_window_fake, aquarium_window_fake,
          aquarium_window_fake, aquarium_view_2f, aquarium_view_2c,
          aquarium_balcony_5b, gup_sewer_entry_glass, uniq_menkaure,
          uniq_blork_the_orc
D:7:      minmay_the_grid_octo_triangle [minmay_the_grid_octo_tetromino_candy,
          minmay_the_grid_octo_prize_big_c, minmay_the_grid_octo_fan_narrow],
          layout_gridville, minmay_unpleasant_kobolds, uniq_crazy_yiuf_cottage
Temple:   nicolae_temple_elliptical

Skill      XL: |  1  2  3  4  5  6  7  8  9 |
---------------+----------------------------+-----
Polearms       | 2 3 4 5 6 |  6.0
Shields        | 3 4 5 6 |  6.4
Armour         | 3 4 5 6 |  6.4
Fighting       | 4 5 6 7 |  7.0
Dodging        | 2 3 4 |  4.4

Action                     |  1- 3 |  4- 6 |  7- 9 || total
---------------------------+-------+-------+-------++-------
  Melee: Trident           |    37 |       |       ||    37
         Short sword       |    96 |    43 |       ||   139
         Spear             |       |   121 |   580 ||   701
    Use: Scroll            |       |     4 |     3 ||     7
         Potion            |       |       |     1 ||     1
 Armour: Scale mail        |    42 |       |       ||    42
         Chain mail        |    20 |    88 |   191 ||   299
         Ring mail         |       |       |   168 ||   168
  Dodge: Dodged            |    31 |    51 |   223 ||   305
  Block: Buckler           |    20 |    17 |     5 ||    42
         Kite shield       |       |       |   371 ||   371

Table legend: (Time is in decaauts)
 A = Elapsed time spent in this place.
 B = Non-inter-level travel time spent in this place.
 C = Inter-level travel time spent in this place.
 D = Time resting spent in this place.
 E = Time spent auto-exploring this place.
 F = Levels seen in this place.
 G = Mean time per level.
                   A        B        C        D        E       F      G
               +--------+--------+--------+--------+--------+-----+--------+
         Total |   5909 |   5665 |    244 |     68 |   4066 |   9 |  656.6 |
       Dungeon |   5633 |   5471 |    162 |     68 |   3957 |   7 |  804.7 |
        Temple |     92 |     10 |     82 |      0 |      0 |   1 |   92.0 |
         Sewer |    182 |    182 |      0 |      0 |    109 |   1 |  182.0 |
               +--------+--------+--------+--------+--------+-----+--------+

Top non-repeatable levels by time:
     D:3: 929 daAuts
     D:4: 876 daAuts
     D:5: 874 daAuts
     D:6: 859 daAuts
     D:1: 741 daAuts
     D:2: 711 daAuts
     D:7: 641 daAuts
   Sewer: 182 daAuts
  Temple: 92 daAuts
